Map: Ice and Chrome LE

Players

Subang - Winner!

  • Race: Zerg Zerg
  • League: Diamond
  • Spawn Location: 1:00

A.I. 1 (Very Easy)

  • Race: Protoss Protoss
  • Spawn Location: 7:00

VOD

Have the link to the VOD?

Description

Time

  • Played on: July 22, 2020, 4:56 a.m.
  • Length: 8:19
Show
View Real Time Build Order
Export as new Build Order

Subang Zerg - Winner!

Build Orders: Hatch First 

Get SALT Encoding   

  12  0:01  Drone  
  13  0:13  Overlord  
  13  0:17  Drone  
  14  0:31  Drone x2  
  16  0:50  Hatchery  
  16  0:53  Drone  
  16  0:56  Drone  
  17  0:59  Drone  
  18  1:10  Extractor  
  17  1:16  Spawning Pool  
  16  1:20  Drone  
  16  1:23  Drone  
  18  1:28  Drone  
  19  1:39  Drone  
  20  1:50  Overlord  
  20  2:02  Drone  
  20  2:03  Queen x2  
  20  2:04  Zergling x2  
  26  2:11  Drone  
  26  2:13  Drone  
  28  2:22  Drone  
  29  2:23  Drone  
  30  2:35  Drone x2  
  32  2:40  Lair  
  32  2:42  Queen  
  32  2:43  Drone  
  35  2:45  Drone  
  36  2:54  Evolution Chamber  
  35  2:58  Drone  
  35  3:01  Drone, Roach Warren  
  36  3:17  Overlord  
  36  3:23  Overlord x3  
  36  3:26  Evolution Chamber  
  35  3:29  Drone  
  36  3:36  Drone x5  
  36  3:41  Zerg Missile Weapons Level 1  
  41  3:43  Extractor  
  41  3:44  Extractor  
  41  3:46  Glial Reconstitution  
  41  3:48  Drone  
  40  3:52  Drone x2  
  43  3:55  Drone  
  43  3:56  Drone  
  43  3:58  Drone  
  43  4:00  Drone  
  43  4:02  Drone  
  47  4:04  Drone  
  47  4:08  Drone  
  49  4:13  Drone  
  50  4:17  Zerg Ground Armor Level 1  
  50  4:19  Drone  
  51  4:30  Roach  
  53  4:32  Roach  
  53  4:35  Roach  
  53  4:37  Hatchery, Roach  
  58  4:41  Roach  
  58  4:42  Roach  
  58  4:45  Roach  
  64  4:51  Roach x2  
  68  4:57  Overlord x2  
  68  5:10  Overlord x2  
  68  5:17  Roach x4  
  68  5:20  Ravager  
  77  5:30  Roach x7  
  91  5:36  Overlord  
  91  5:41  Extractor  
  91  5:42  Roach  
  92  5:46  Zerg Missile Weapons Level 2  
  92  5:50  Roach  
  92  5:54  Roach  
  96  6:02  Roach x2  
  96  6:03  Roach  
  102  6:06  Roach  
  106  6:11  Roach x2  
  106  6:15  Roach x2  
  106  6:18  Roach  
  114  6:19  Overlord x2  
  114  6:32  Overlord  
  114  6:38  Roach x6  
  126  6:40  Roach  
  126  6:42  Roach  
  126  6:45  Overlord  
  130  6:55  Roach  
  130  6:56  Roach x2  
  130  7:01  Roach  
  138  7:02  Overlord  
  138  7:03  Overlord  
  138  7:06  Roach  
  140  7:09  Roach  
  140  7:11  Roach  
  140  7:14  Drone x2  
  146  7:18  Overlord  
  146  7:27  Drone x5  
  151  7:33  Overlord  
  151  7:35  Roach x2  
  155  7:40  Roach x2  
  159  7:52  Roach  
  159  7:53  Roach x4  
  159  7:54  Roach  
Show
View Real Time Build Order
Export as new Build Order

A.I. 1 (Very Easy) Protoss 

Build Orders:  

Get SALT Encoding   

  12  0:00  Probe  
  13  0:13  Probe  
  14  0:20  Pylon  
  14  0:37  Assimilator  
  14  0:44  Gateway  
  14  0:48  Pylon  
  14  1:14  Assimilator  
  14  1:22  Probe  
  14  1:24  Zealot  
  14  1:30  Probe  
  15  1:35  Cybernetics Core  
  18  1:41  Probe  
  19  1:53  Probe  
  20  2:01  Warp Gate  
  20  2:02  Probe  
  21  2:10  Probe  
  22  2:45  Stalker  
  24  5:46  Probe  
  24  7:12  Probe  
  24  7:17  Pylon, Adept  
  24  7:20  Robotics Facility, Probe  
  27  7:23  Nexus  
  28  7:30  Probe  
  29  7:46  Stalker  
  29  7:50  Pylon  
  31  7:55  Probe  
  29  8:00  Pylon  
Tags
 
Add a new tag
Caveats
  • Supply blocks, unpowered buildings, or Contaminate may cause inaccurate times.
  • Supply counts are checked every 10 seconds.